 Dungeon Crawl Stone Soup version 0.29.1-4-g47bece8355 (webtiles) character file.

Game seed: 13374703258871696456

445 Destapler the Shield-Bearer (level 6, -3/55 HPs)
             Began as a Minotaur Fighter on Dec 7, 2022.
             Was a Follower of Makhleb.
             Slain by an ogre
             ... wielding a +0 giant club
              (11 damage)
             ... on level 4 of the Dungeon.
             The game lasted 00:06:29 (3254 turns).

Destapler the Shield-Bearer (Minotaur Fighter)      Turns: 3254, Time: 00:06:29

Health: -3/55      AC:  7    Str: 23    XL:     6   Next: 72%
Magic:  5/6        EV: 10    Int: 11    God:    Makhleb [*.....]
Gold:   173        SH:  4    Dex:  9    Spells: 5/5 levels left

rFire   . . .      SeeInvis .   a - +0 war axe
rCold   . . .      Faith    +   c - +0 buckler
rNeg    . . .      Spirit   .   b - +0 scale mail
rPois   +          Reflect  .   (helmet restricted)
rElec   .          Harm     .   (no cloak)
rCorr   .          Rampage  .   (no gloves)
Will    .....                   (no boots)
Stlth   ..........              k - amulet of faith
HPRegen 0.18/turn               q - ring of poison resistance
MPRegen 0.10/turn               v - +6 ring of intelligence

@: silenced, flying, hasted, very quick
A: horns 2, retaliatory headbutt
a: Renounce Religion


You were on level 4 of the Dungeon.
You worshipped Makhleb.
Makhleb was aware of your devotion.
You visited 1 branch of the dungeon, and saw 4 of its levels.

You collected 173 gold pieces.

Inventory:

Hand Weapons
 a - a +0 war axe (weapon)
Missiles
 f - 2 poisoned darts
 o - 15 stones (quivered)
 t - a throwing net
 w - 3 silver javelins
Armour
 b - a +0 scale mail (worn)
 c - a +0 buckler (worn)
 p - a +0 pair of gloves
Jewellery
 k - an amulet of faith (around neck)
 q - a ring of poison resistance (left hand)
 v - a +6 ring of intelligence (right hand)
 x - an amulet of regeneration
Scrolls
 e - a scroll of poison {unknown}
 g - 2 scrolls of noise
 j - 2 scrolls of teleportation {unknown}
 m - a scroll of silence
 r - 2 scrolls of blinking {unknown}
 s - 2 scrolls of identify {unknown}
 y - a scroll of fog {unknown}
Potions
 d - a potion of might
 h - 4 potions of haste
 i - 2 potions of invisibility {unknown}
 l - a potion of flight
 n - 2 potions of curing {unknown}
 u - a potion of degeneration {unknown}
 z - a potion of heal wounds {unknown}
 A - a potion of cancellation {unknown}


   Skills:
 + Level 4.9 Fighting
 + Level 4.2 Axes
 + Level 1.4 Throwing
 + Level 4.9 Armour
 + Level 1.5 Dodging
 + Level 1.2 Stealth
 + Level 5.0 Shields
 + Level 1.4 Invocations
 + Level 1.4 Evocations


You had 5 spell levels left.
You didn't know any spells.
Your spell library contained the following spells:

 Spells                   Type           Power      Damage    Failure   Level
 Necrotise                Necr           0%         1d4       73%         1
 Slow                     Hex            0%         N/A       73%         1
 Confusing Touch          Hex            0%         N/A       97%         3
 Vampiric Draining        Necr           0%         2d6       97%         3
 Agony                    Necr           0%         N/A       100%        5


Dungeon Overview and Level Annotations

Branches:
Dungeon (4/15)
 Temple: D:4-7

Altars:
Cheibriados
Fedhas
Makhleb
Uskayaw

Shops:
D:1 ?


Innate Abilities, Weirdness & Mutations

You have a pair of horns on your head.
You reflexively headbutt those who attack you in melee.


Message History

You barely miss the quokka. You hit the ice beast. The quokka bites you.
Your Throwing skill increases to level 1!
Your Stealth skill increases to level 1!
You hit the ice beast. You headbutt the ice beast.
The ice beast is moderately wounded.
You closely miss the quokka. The ice beast hits you. The ice beast freezes you!
The quokka bites you but does no damage.
You hit the ice beast. You headbutt the ice beast!
The ice beast is almost dead.
You slash the quokka!
You kill the quokka!
Makhleb accepts your kill.
You feel better.
The ice beast hits you but does no damage.
You hit the ice beast but do no damage.
The ice beast is almost dead.
You barely miss the ogre. You block the ogre's attack.
The ice beast hits you but does no damage.
You hit the ice beast.
The ice beast is almost dead.
You hit the ogre. The ice beast barely misses you.
The ogre hits you with a +0 giant club!
* * * LOW HITPOINT WARNING * * *
You hit the ice beast but do no damage.
The ice beast is almost dead.
You slash the ogre!
The ice beast hits you but does no damage.
You slash the ice beast!
You kill the ice beast!
Makhleb accepts your kill.
You feel better.
You hit the ogre. The ogre hits you with a +0 giant club!
* * * LOW HITPOINT WARNING * * *
Your Shields skill increases to level 5!
It was a potion of flight.
You feel very buoyant.
You fly up into the air.
You hit the ogre. Your headbutt misses the ogre.
The ogre is severely wounded.
The ogre hits you with a +0 giant club!
You die...

#######..#
##.### #...#
###.# #.# ####
#.# ##...# #.# .
#.....##'##....
#.....@O.......)
#....†#####.....
##...# ...# ##.#
)## #. # #######
# #......
#.####. #.# #..
#.###..


You could see an ogre.

Vanquished Creatures
  An ice beast (D:4)
  A scorpion (D:4)
  A gnoll bouda (D:4)
  A hound (D:4)
  Jessica (D:3)
  Natasha (D:2)
  7 adders
  3 gnolls (D:4)
  3 worms
  3 dart slugs
  An orc (D:3)
  4 bats
  9 endoplasms
  5 giant cockroaches
  7 hobgoblins
  4 jackals
  6 kobolds
  5 quokkas
  6 ball pythons
  3 frilled lizards
  4 goblins
  3 rats
79 creatures vanquished.

Notes
Turn   | Place    | Note
-------+----------+-------------------------------------------
     0 | D:1      | Destapler the Minotaur Fighter began the quest for the Orb.
     0 | D:1      | Reached XP level 1. HP: 19/19 MP: 0/0
    64 | D:1      | Found Oradgh's Magic Scroll Emporium.
   438 | D:1      | Reached XP level 2. HP: 25/27 MP: 1/1
   859 | D:1      | Reached skill level 4 in Shields
  1340 | D:2      | Reached XP level 3. HP: 33/33 MP: 2/2
  1603 | D:2      | Reached XP level 4. HP: 40/40 MP: 3/3
  1736 | D:2      | Noticed Natasha
  1742 | D:2      | Killed Natasha
  2049 | D:3      | Noticed Jessica
  2050 | D:3      | Killed Jessica
  2224 | D:3      | Reached XP level 5. HP: 47/47 MP: 4/4
  2457 | D:3      | Found a faded altar of an unknown god.
  2518 | D:3      | Prayed at the altar of an unknown god.
  2518 | D:3      | Became a worshipper of Makhleb the Destroyer
  2518 | D:3      | Reached * piety under Makhleb
  2719 | D:3      | Found a blossoming altar of Fedhas.
  2721 | D:3      | Found a hide-covered altar of Uskayaw.
  2870 | D:4      | Reached skill level 1 in Dodging
  2870 | D:4      | Reached skill level 1 in Evocations
  3095 | D:4      | Found a snail-covered altar of Cheibriados.
  3207 | D:4      | Reached skill level 1 in Invocations
  3211 | D:4      | Reached XP level 6. HP: 52/53 MP: 5/5
  3241 | D:4      | Noticed an ice beast
  3247 | D:4      | Reached skill level 1 in Throwing
  3247 | D:4      | Reached skill level 1 in Stealth
  3252 | D:4      | Killed an ice beast
  3253 | D:4      | Reached skill level 5 in Shields
  3254 | D:4      | Slain by an ogre

Illustrated notes

Levels and vault maps discovered:
D:1:      lemuel_arrival_tunnels, layout_loops_corners, serial_shops,
          shop_scrolls, minmay_box_of_dots
D:2:      layout_loops_ring, dk_vineyard_3, uniq_natasha
D:3:      layout_rooms, minitemple, basic_ecumenical_altar,
          kennysheep_generic_room_6, uniq_jessica
D:4:      minmay_octagon_keep, layout_basic, zin_angel, kennysheep_slug_shrine

Skill      XL: |  1  2  3  4  5  6 |
---------------+-------------------+-----
Fighting       | 4 |  4.9
Armour         | 4 |  4.9
Shields        | 4 5 |  5.0
Axes           | 3 4 |  4.2
Dodging        | 1 |  1.5
Evocations     | 1 |  1.4
Invocations    | 1 |  1.4
Throwing       | 1 |  1.4
Stealth        | 1 |  1.2

Action                   |  1- 3 |  4- 6 || total
-------------------------+-------+-------++-------
Melee: War axe           |    68 |   116 ||   184
       Headbutt          |    10 |    19 ||    29
Throw: Stone             |       |    16 ||    16
  Use: Potion            |       |     3 ||     3
       Scroll            |       |     2 ||     2
Armor: Scale mail        |    26 |    61 ||    87
Dodge: Dodged            |    26 |    59 ||    85
Block: Buckler           |    10 |    25 ||    35
